 Dungeon Crawl Stone Soup version 0.31-a0-590-g8a5a4361df (webtiles) character file.

Game seed: 10578678973196200830

167808 timneilson the Peltast (level 17, -1/106 HPs)
             Began as a Gargoyle Fighter on Aug 19, 2023.
             Was a High Priest of Okawaru.
             Killed from afar by a hell hog (6 damage)
             ... with a fireball
             ... on level 2 of the Depths.
             The game lasted 01:11:28 (23709 turns).

timneilson the Peltast (Gargoyle Fighter)          Turns: 23709, Time: 01:11:28

Health: -1/106     AC: 39    Str: 23    XL:     17   Next: 93%
Magic:  24/24      EV: 13    Int: 15    God:    Okawaru [*****.]
Gold:   949        SH: 16    Dex: 26    Spells: 16/16 levels left

rFire   . . .        p - +8 scimitar of the Threshing Seeker {flame, Dex+6}
rCold   + + .        T - +0 kite shield
rNeg    + . .        b - +0 plate armour {rC+}
rPois   ∞            z - +1 hat "Maen" {Int+2}
rElec   +            l - +1 cloak
rCorr   +            B - +0 pair of gloves
SInv    .            g - +2 pair of boots of Nuoz {Str+2 Int+3 Dex+5 Stlth-}
Will    +....        K - amulet of regeneration Stlth
                     M - ring of protection from cold
HPRegen 1.17/turn    W - ring of resist corrosion
MPRegen 0.19/turn

%: no passive effects
@: flying
A: sickness immunity, AC +12, big wings, negative energy resistance 1,
electricity resistance, torment resistance 1, petrification resistance
a: Renounce Religion, Heroism, Finesse, Duel


You were on level 2 of the Depths.
You worshipped Okawaru.
Okawaru was extremely pleased with you.
You visited 5 branches of the dungeon, and saw 25 of its levels.
You visited the Abyss 1 time.
You also visited: Ossuary and Bailey.

You collected 2821 gold pieces.
You spent 1872 gold pieces at shops.

Inventory:

Hand Weapons
 p - the +8 scimitar of the Threshing Seeker (weapon) {flame, Dex+6}
   (You acquired it in an ossuary)

   Dex+6:     It affects your dexterity (+6).
 V - the +8 demon blade "Leech" {evervamp, Harm Drain rN+}
   (Okawaru gifted it to you on level 15 of the Dungeon)

   rN+:       It protects you from negative energy.
   Drain:     It drains your maximum health when unequipped.
   Harm:      It increases damage dealt and taken.
Missiles
 y - a throwing net
Armour
 b - a +0 plate armour of cold resistance (worn)
 g - the +2 pair of boots of Nuoz (worn) {Str+2 Int+3 Dex+5 Stlth-}
   (You found it on level 5 of the Dungeon)

   Str+2:     It affects your strength (+2).
   Int+3:     It affects your intelligence (+3).
   Dex+5:     It affects your dexterity (+5).
   Stlth-:    It makes you less stealthy.
 l - a +1 cloak (worn)
 z - the +1 hat "Maen" (worn) {Int+2}
   (Okawaru gifted it to you on level 1 of the Lair of Beasts)

   Int+2:     It affects your intelligence (+2).
 B - a +0 pair of gloves (worn)
 T - a +0 kite shield (worn)
Jewellery
 a - a ring of ice
 o - a ring of protection from cold
 K - an amulet of regeneration (around neck)
 M - a ring of protection from cold (left hand)
 S - a +5 ring of evasion
 W - a ring of resist corrosion (right hand)
Wands
 c - a wand of mindburst (9)
 v - a wand of flame (7)
 F - a wand of roots (30)
 L - a wand of digging (11)
 O - a wand of acid (7)
 R - a wand of polymorph (5)
Scrolls
 h - 20 scrolls of teleportation
 k - 4 scrolls of poison
 r - a scroll of enchant armour
 w - a scroll of revelation
 x - 4 scrolls of immolation
 A - 3 scrolls of fog
 D - 4 scrolls of amnesia
 H - 3 scrolls of fear
 N - 3 scrolls of enchant weapon
 P - a scroll of silence
 Q - a scroll of brand weapon
Potions
 d - 2 potions of ambrosia
 e - 2 potions of attraction
 f - 5 potions of cancellation
 i - 6 potions of magic
 j - 2 potions of curing
 m - 4 potions of brilliance
 n - a potion of experience {unknown}
 q - 7 potions of might
 s - 3 potions of enlightenment
 t - 2 potions of berserk rage
 u - 6 potions of invisibility
 C - 6 potions of mutation
 E - a potion of haste {unknown}
 G - 3 potions of resistance
Miscellaneous
 J - a lightning rod (4/4)


   Skills:
 + Level 12.1 Fighting
 * Level 13.9 Long Blades
 * Level 16.3 Armour
 + Level 9.0 Dodging
 * Level 16.4 Shields
 + Level 10.4 Invocations
 + Level 8.6 Evocations


You had 16 spell levels left.
You didn't know any spells.
Your spell library contained the following spells:

 Spells                   Type           Power      Damage    Failure   Level
 Apportation              Tloc           0%         N/A       96%         1
 Magic Dart               Conj           0%         1d3       96%         1
 Necrotise                Necr           0%         1d4       96%         1
 Sting                    Tmut/Pois      0%         1d3       96%         1
 Ensorcelled Hibernation  Hex/Ice        0%         N/A       99%         2
 Passwall                 Tmut/Erth      0%         N/A       99%         2
 Poisonous Vapours        Pois/Air       0%         N/A       99%         2
 Mephitic Cloud           Conj/Pois/Air  0%         N/A       100%        3
 Swiftness                Air            0%         N/A       100%        3
 Anguish                  Hex/Necr       0%         N/A       100%        4
 Cause Fear               Hex            0%         N/A       100%        4
 Olgreb's Toxic Radiance  Pois           0%         N/A       100%        4
 Enfeeble                 Hex            0%         N/A       100%        7
 Orb of Destruction       Conj           0%         9d5       100%        7
 Chain Lightning          Conj/Air       0%         N/A       100%        9
 Fire Storm               Conj/Fire      0%         5d1       100%        9
 Shatter                  Erth           0%         3d5*      100%        9
 Summon Small Mammal      Summ           Unusable   N/A       N/A         1
 Call Imp                 Summ           Unusable   N/A       N/A         2
 Summon Guardian Golem    Hex/Summ       Unusable   N/A       N/A         3
 Spellforged Servitor     Conj/Summ      Unusable   N/A       N/A         7

Dungeon Overview and Level Annotations

Branches:
Dungeon (15/15)            Temple (1/1) D:6            Lair (5/5) D:11
 Shoals (0/4) Lair:2       Spider (0/4) Lair:2        Slime (0/5) Lair:4
    Orc (2/2) D:10            Elf (0/3) Orc:2        Vaults (0/5) D:14
 Depths (2/4) D:15        Ossuary (visited)          Bailey (visited)

Altars:
Ashenzari
Cheibriados
Dithmenos
Elyvilon
Fedhas
Gozag
Hepliaklqana
Kikubaaqudgha
Makhleb
Nemelex Xobeh
Okawaru
Qazlal
Ru
Sif Muna
Trog
Uskayaw
Vehumet
Wu Jian
Xom
Yredelemnul
Zin
The Shining One
Jiyva

Shops:
D:4 (   Orc:2 !(*(*   Depths:1 *   Depths:2 [

Portals:
Hell: Depths:1 Depths:2
Abyss: Depths:2
Pandemonium: Depths:2

Annotations:
Lair:5 3 runed translucent doors, bahustanut's ghost, journeyman OgFi


Innate Abilities, Weirdness & Mutations

You are immune to sickness and miasma.
Your stone body is resilient. (AC +12)
You are immune to poison.
Your large and strong wings let you fly.
You resist negative energy. (rN+)
You are resistant to electric shocks. (rElec)
You are resistant to unholy torment.
You are immune to petrification.


Message History

The blast of flame hits the hell hog.
The hell hog completely resists.
The blast of flame hits the hell hog.
The hell hog completely resists.
The blast of flame hits the hell hog.
The hell hog completely resists.
The blast of flame misses you. The hell hog attacks as you move away!
The hell hog misses you. The hell hog breathes fire at you.
The fireball explodes!
The fireball engulfs the hell hog.
The hell hog completely resists.
The fireball engulfs you! The hell hog attacks as you move away!
The hell hog bites you but does no damage.
The hellephant blinks!
You block the hell hog's attack. The hell hog breathes fire at you.
The fireball explodes!
The fireball engulfs the hell hog.
The hell hog completely resists.
The fireball engulfs you!! The hell hog breathes fire at you.
The fireball explodes!
The fireball engulfs you but does no damage.
The hell hog breathes fire at you.
The fireball explodes!
The fireball engulfs you but does no damage.
The hell hog attacks as you move away! You block the hell hog's attack.
The hell hog breathes fire at you.
The fireball explodes!
The fireball engulfs you!!
The hellephant blinks!
The hellephant breathes flames at you.
The blast of flame misses the hell hog.
The blast of flame hits the hell hog.
The hell hog completely resists.
The blast of flame hits you!!!
* * * LOW HITPOINT WARNING * * *
Blink to where?
Press: ? - help, Dir - move target
As you read the scroll of blinking, it crumbles to dust.
The hell hog breathes fire at you.
The fireball explodes!
The fireball engulfs you!!
* * * LOW HITPOINT WARNING * * *
The tree burns like a torch!
There is a stone staircase leading up here.
There is a stone staircase leading up here.
The hell hog breathes fire at you.
The fireball explodes!
The fireball engulfs you.
You die...

#......#.....#....#. #######
#......###..##....#.
##..##.####......###.....#....
#.................#.∩...###...
##....................#....##.
##.......~..........##.~≈.#).
###....~).........###.≈≈....
#................##..~≈~~~.
##.........@....♣.##.≈~≈≈≈~~
#...........<.§.∩.♣..~≈≈≈≈~.
###...##.......h♣...~~≈≈≈≈~.
##..####..........≈~~~~≈~.
##....#.>.........~[...≈~..
#.......................~.~
##....##..................~
#.........................
#####......#....).............


You could see a hell hog (catching breath).

Vanquished Creatures
  A profane servitor (Depths:1)
  Rupert (D:13)
  A sphinx (Depths:2)
  2 frost giants
  An orc warlord (Orc:2)
  10 very ugly things
  Nessos (D:14)
  4 stone giants (Depths:1)
  2 spark wasps
  2 pearl dragon zombies (Depths:1)
  Snorg (D:10)
  2 ettins
  A merfolk javelineer (Depths:2)
  Josephine (Orc:1)
  Fannar (Orc:1)
  5 hydras
  4 ice dragons
  A spriggan air mage (Depths:1)
  The ghost of Buoruf the Frost Mage, a journeyman MfIE of Qazlal (D:12)
  5 ogre magi
  2 centaur warriors (D:14)
  2 death knights
  10 two-headed ogres
  3 boulder beetles
  8 tengu warriors
  3 deep troll shamans
  22 death yaks
  2 spriggan berserkers (Depths:1)
  4 deep troll earth magi
  3 hell hogs (Depths:1)
  A spriggan (Depths:2)
  2 iron trolls
  A soul eater (Depths:2)
  A sixfirhy (Depths:2)
  A shadow demon (Depths:2)
  2 skysharks
  An orb spider (shapeshifter) (Depths:1)
  3 skeletal warriors (D:13)
  13 deep trolls
  A glowing orange brain (D:15)
  A flayed ghost (Depths:1)
  2 lindwurms (Lair:5)
  3 deep elf pyromancers
  A wizard (D:13)
  10 orc knights
  An oklob plant (D:11)
  A wolf spider (Lair:5)
  25 ugly things
  4 cyclopes
  3 manticores
  2 orc sorcerers (Orc:1)
  The ghost of epsilonplus the Cudgeller, a novice GrFi (D:5)
  A guardian serpent (Lair:5)
  5 elephants
  A merfolk siren (Lair:2)
  4 apis skeletons (Depths:1)
  Joseph (D:8)
  A rust devil (Depths:2)
  5 torpor snails (Lair:5)
  13 black mambas
  11 cane toads
  A gargoyle (D:12)
  A freezing wraith (D:15)
  An unseen horror (D:12)
  5 kobold demonologists
  A rime drake (Lair:5)
  7 komodo dragons
  2 tengu conjurers
  2 ice devils (Depths:2)
  2 red devils (Depths:2)
  5 polar bears
  8 trolls
  A blink frog (shapeshifter) (D:14)
  2 hellwings (Depths:2)
  4 tyrant leeches (Lair:5)
  23 hornets
  4 dream sheep (Lair:5)
  8 blink frogs
  Sigmund (D:2)
  15 slime creatures
  39 yaks
  3 shadows
  7 wraiths
  A vampire (D:11)
  8 wyverns
  10 water elementals
  Grum (D:8)
  14 humans (D:13)
  3 redbacks (Lair:5)
  A neqoxec (Depths:2)
  A steam dragon (D:8)
  8 vampire mosquitoes
  7 basilisks
  2 chaos spawn (Depths:2)
  7 wargs
  A floating eye (Orc:1)
  33 water moccasins
  4 black bears
  41 orc warriors
  10 ogres
  16 wolves
  12 centaurs
  2 phantoms
  7 kobold brigands
  Blork the orc (D:6)
  20 bullfrogs
  3 gnoll sergeants
  8 elf zombies
  An elf skeleton (D:5)
  2 scorpions
  8 wights
  3 killer bees (D:7)
  5 howler monkeys
  5 centaur zombies (Ossuary)
  3 human zombies (Ossuary)
  5 hounds
  8 jellies
  12 orc priests
  A gnoll bouda (D:8)
  An iguana (D:4)
  A sleepcap (D:5)
  17 orc wizards
  13 hell rats
  3 mummies (Ossuary)
  21 gnolls
  13 adders
  2 shadow imps
  2 worms (D:4)
  A dart slug (D:2)
  97 orcs
  6 ball pythons
  7 endoplasms
  7 giant cockroaches
  8 hobgoblins
  22 kobolds
  2 quokkas
  5 bats (D:2)
  3 frilled lizards (D:2)
  A goblin (D:4)
  An orc skeleton (D:5)
  4 rats
881 creatures vanquished.

Vanquished Creatures (others)
  A sea snake (shapeshifter) (D:15)
  2 humans (D:14)
  2 orcs
5 creatures vanquished.

Grand Total: 886 creatures vanquished

Notes
Turn   | Place    | Note
-------+----------+-------------------------------------------
     0 | D:1      | timneilson the Gargoyle Fighter began the quest for the
                  | Orb.
     0 | D:1      | Reached XP level 1. HP: 14/14 MP: 1/1
   354 | D:1      | Reached XP level 2. HP: 15/19 MP: 2/2
  1025 | D:1      | Reached XP level 3. HP: 11/23 MP: 3/3
  1191 | D:1      | Reached XP level 4. HP: 8/28 MP: 4/4
  1415 | D:2      | Noticed a floating eye
  1417 | D:2      | Found a faded altar of an unknown god.
  1492 | D:2      | Noticed an eye of devastation
  1502 | D:2      | Noticed an eye of devastation
  1511 | D:2      | Noticed a shining eye
  1656 | D:2      | Noticed Sigmund
  1681 | D:2      | Killed Sigmund
  1682 | D:2      | Reached skill level 1 in Dodging
  1682 | D:2      | Reached XP level 5. HP: 18/33 MP: 5/5
  1682 | D:2      | Reached XP level 6. HP: 20/38 MP: 6/6
  2919 | D:4      | Reached skill level 5 in Armour
  2919 | D:4      | Reached skill level 5 in Shields
  3169 | D:4      | Reached XP level 7. HP: 33/43 MP: 7/7
  3545 | D:4      | Found a sparkling altar of Nemelex Xobeh.
  3546 | D:4      | Found a shadowy altar of Dithmenos.
  3746 | D:4      | Found Rishiysk's Firing Range.
  3920 | D:5      | Entered Level 5 of the Dungeon
  3922 | D:5      | Identified the +2 pair of boots of Nuoz {Str+2 Int+3 Dex+5
                  | Stlth-}
  4130 | D:5      | Found a sand-covered staircase.
  4147 | D:5      | Reached XP level 8. HP: 43/48 MP: 8/8
  4150 | Ossuary  | Entered an ossuary
  4304 | Ossuary  | Reached skill level 5 in Fighting
  4336 | Ossuary  | Reached skill level 5 in Long Blades
  4356 | Ossuary  | Identified a scroll of acquirement
  4356 | Ossuary  | Acquired the +8 scimitar of the Threshing Seeker {flame,
                  | Dex+6}
  4448 | D:5      | Reached XP level 9. HP: 54/54 MP: 9/9
  4573 | D:5      | Found a runed translucent door.
  4573 | D:5      | Noticed epsilonplus's ghost (novice GrFi)
  4996 | D:6      | Noticed Blork the orc
  4998 | D:6      | Killed Blork the orc
  5280 | D:6      | Found a staircase to the Ecumenical Temple.
  5308 | D:6      | Reached XP level 10. HP: 51/60 MP: 10/10
  5325 | Temple   | Entered the Ecumenical Temple
  5336 | Temple   | Became a worshipper of Warmaster Okawaru
  5676 | D:7      | Found a flagged portal.
  5688 | Bailey   | Entered a bailey
  5874 | Bailey   | Noticed an orc knight
  5886 | Bailey   | Killed an orc knight
  5887 | Bailey   | Reached skill level 1 in Invocations
  6126 | D:7      | Reached * piety under Okawaru
  6173 | D:7      | Reached skill level 1 in Evocations
  6991 | D:8      | Noticed Joseph
  7001 | D:8      | Noticed Grum
  7018 | D:8      | Killed Grum
  7021 | D:8      | Reached ** piety under Okawaru
  7038 | D:8      | Killed Joseph
  7282 | D:8      | Identified the +1 long sword of Zilobech {freeze, rC+
                  | Int+6}
  7287 | D:8      | Reached XP level 11. HP: 67/67 MP: 13/13
  7518 | D:9      | Reached *** piety under Okawaru
  7974 | D:9      | Noticed a two-headed ogre
  7982 | D:9      | Killed a two-headed ogre
  8014 | D:9      | Noticed a manticore
  8024 | D:9      | Killed a manticore
  8267 | D:10     | Entered Level 10 of the Dungeon
  8282 | D:10     | Found a burning altar of Makhleb.
  8282 | D:10     | Noticed an Executioner
  8306 | D:10     | Reached **** piety under Okawaru
  8310 | D:10     | Reached skill level 10 in Shields
  8326 | D:10     | Noticed a soul eater
  8327 | D:10     | Reached skill level 10 in Armour
  8383 | D:10     | Found a staircase to the Orcish Mines.
  8480 | D:10     | Noticed a two-headed ogre
  8492 | D:10     | Killed a two-headed ogre
  8560 | D:10     | Reached skill level 5 in Dodging
  8581 | D:10     | Reached ***** piety under Okawaru
  9237 | D:11     | Noticed a cyclops
  9245 | D:11     | Killed a cyclops
  9246 | D:11     | Reached XP level 12. HP: 69/73 MP: 15/15
  9330 | D:11     | Found a staircase to the Lair.
 10101 | D:12     | Noticed Buoruf's ghost (journeyman MfIE)
 10106 | D:12     | Found a transporter.
 10158 | D:12     | Noticed a two-headed ogre
 10236 | D:12     | Noticed a boulder beetle
 10256 | D:12     | Killed a boulder beetle
 10343 | D:12     | Noticed a two-headed ogre
 10348 | D:12     | Killed a two-headed ogre
 10460 | D:12     | Found a transporter.
 10914 | Lair:1   | Entered Level 1 of the Lair of Beasts
 11007 | Lair:1   | Identified the +1 hat "Maen" {Int+2} (Okawaru gifted it to
                  | you on level 1 of the Lair of Beasts)
 11007 | Lair:1   | Received a gift from Okawaru
 11008 | Lair:1   | Reached skill level 5 in Invocations
 11051 | Lair:1   | Noticed a death yak
 11053 | Lair:1   | Noticed a death yak
 11053 | Lair:1   | Noticed a death yak
 11054 | Lair:1   | Noticed a death yak
 11077 | Lair:1   | Killed a death yak
 11083 | Lair:1   | Killed a death yak
 11089 | Lair:1   | Killed a death yak
 11092 | Lair:1   | Killed a death yak
 11339 | Lair:1   | Reached XP level 13. HP: 79/79 MP: 17/17
 11433 | Lair:1   | Found a radiant altar of Vehumet.
 11673 | Lair:1   | Found the +8 whip "Snakebite" {venom, curare, rPois}
 11819 | Lair:2   | Found a hole to the Spider Nest.
 11859 | Lair:2   | Found a staircase to the Shoals.
 11937 | Lair:2   | You fall into a shaft and drop 1 floor!
 12323 | Lair:2   | Reached skill level 10 in Long Blades
 12334 | Lair:2   | Received a gift from Okawaru
 12414 | Lair:2   | Received a gift from Okawaru
 12415 | Lair:2   | Reached skill level 5 in Evocations
 13510 | Lair:4   | Found a viscous altar of Jiyva.
 13538 | Lair:4   | Found a staircase to the Slime Pits.
 13698 | Lair:4   | Reached ****** piety under Okawaru
 13715 | Lair:4   | Gained mutation: Your large and strong wings let you fly.
                  | [Gargoyle growth]
 13715 | Lair:4   | Reached XP level 14. HP: 67/86 MP: 19/19
 14238 | Lair:4   | Identified the +3 ring mail "Raetuazo" {Str+3 Slay-6
                  | Stlth+} (Okawaru gifted it to you on level 4 of the Lair of
                  | Beasts)
 14238 | Lair:4   | Received a gift from Okawaru
 14854 | Lair:5   | Entered Level 5 of the Lair of Beasts
 15231 | Lair:5   | Reached skill level 10 in Fighting
 15322 | Lair:5   | Identified the +5 falchion "Cupnezaz" {spect, *Rage Int+8
                  | SInv Stlth-} (Okawaru gifted it to you on level 5 of the
                  | Lair of Beasts)
 15322 | Lair:5   | Received a gift from Okawaru
 15422 | Lair:5   | Found a runed translucent door.
 15534 | Lair:5   | Reached XP level 15. HP: 92/92 MP: 20/20
 15597 | Lair:5   | Received a gift from Okawaru
 15754 | Lair:5   | Found the +2 cloak of the Thief {*Fog Slay-2 SInv Stlth+}
 15754 | Lair:5   | Noticed bahustanut's ghost (journeyman OgFi)
 15838 | Lair:5   | Found a runed translucent gate.
 15838 | Lair:5   | Found a runed translucent gate.
 15838 | Lair:5   | Found a runed translucent gate.
 16545 | Orc:1    | Entered Level 1 of the Orcish Mines
 16548 | Orc:1    | Noticed Snorg
 16575 | D:10     | Killed Snorg
 16638 | Orc:1    | Noticed Fannar
 16651 | Orc:1    | Killed Fannar
 16885 | Orc:2    | Entered Level 2 of the Orcish Mines
 16938 | Orc:2    | Noticed an orc warlord
 16958 | Orc:2    | Killed an orc warlord
 17025 | Orc:2    | Found Nayhi's Assorted Antiques.
 17028 | Orc:2    | Bought a copper wand for 156 gold pieces
 17175 | Orc:2    | Found Jecaisib's General Store.
 17214 | Orc:2    | Found Ocreucaig's Antique Weapon Emporium.
 17289 | Orc:2    | Bought a wand of flame (9) for 94 gold pieces
 17289 | Orc:2    | Bought a lightning rod (4/4) for 600 gold pieces
 17415 | Orc:2    | Found a staircase to the Elven Halls.
 17554 | Orc:2    | Found Igaji Mir's Antique Weapon Shop.
 17587 | Orc:2    | Identified the +8 rapier of the Wizarding Gods {flame, rN+
                  | Will+++ Dex+4 Stlth-} (Okawaru gifted it to you on level 2
                  | of the Orcish Mines)
 17587 | Orc:2    | Received a gift from Okawaru
 17597 | Orc:2    | Found Gitz's Distillery.
 17933 | Orc:1    | Noticed Josephine
 17950 | Orc:1    | Killed Josephine
 18684 | D:13     | Identified the +1 cloak "Faleosah" {-Tele rPois Stlth+}
                  | (Okawaru gifted it to you on level 13 of the Dungeon)
 18684 | D:13     | Received a gift from Okawaru
 18845 | D:13     | Identified the +4 pair of boots of Haorch {*Corrode rF+
                  | rC+}
 18995 | D:14     | Noticed Rupert
 18995 | D:14     | Noticed Nessos
 18995 | D:14     | Found a gate to the Vaults.
 19003 | D:13     | Reached XP level 16. HP: 97/99 MP: 22/22
 19056 | D:13     | Killed Rupert
 19101 | Abyss:2  | Cast into level 2 of the Abyss (a wizard)
 19127 | D:13     | Escaped the Abyss
 19159 | D:14     | Killed Nessos
 19640 | D:14     | Reached skill level 15 in Shields
 20180 | D:5      | Killed epsilonplus's ghost
 20385 | D:12     | Reached skill level 15 in Armour
 20413 | D:12     | Killed Buoruf's ghost
 20544 | D:15     | Entered Level 15 of the Dungeon
 20752 | D:15     | Received a gift from Okawaru
 20752 | D:15     | Found the +8 demon blade "Leech" {evervamp, Harm Drain rN+}
 21224 | D:15     | Found a staircase to the Depths.
 21561 | Depths:1 | Entered Level 1 of the Depths
 21705 | D:15     | Received a gift from Okawaru
 21897 | Depths:1 | Found a gateway to Hell.
 21948 | Depths:1 | Reached XP level 17. HP: 51/104 MP: 24/24
 22043 | Depths:1 | Received a gift from Okawaru
 22089 | Depths:1 | Received a gift from Okawaru
 22385 | Depths:1 | Found Kytu's General Store.
 22391 | Depths:1 | Bought a scroll of teleportation for 69 gold pieces
 22391 | Depths:1 | Bought a potion of resistance for 230 gold pieces
 22391 | Depths:1 | Bought a wand of acid (5) for 483 gold pieces
 22513 | Depths:1 | Found a basalt altar of Yredelemnul.
 22519 | Depths:1 | Noticed a profane servitor
 22536 | Depths:1 | Killed a profane servitor
 22536 | Depths:1 | Received a gift from Okawaru
 22569 | Depths:1 | Reached skill level 10 in Invocations
 22639 | Depths:2 | Found a one-way gate to the infinite horrors of the Abyss.
 22665 | Depths:2 | Found Pamelith's Antique Armour Shop.
 22672 | Depths:2 | Bought an embroidered cloak for 240 gold pieces
 23168 | Depths:2 | Found a shimmering altar of Xom.
 23204 | Depths:2 | Found a stormy altar of Qazlal.
 23205 | Depths:2 | Found a burning altar of Makhleb.
 23206 | Depths:2 | Found a shimmering altar of Xom.
 23206 | Depths:2 | Found a shimmering altar of Xom.
 23206 | Depths:2 | Found a glowing silver altar of Zin.
 23523 | Depths:2 | Found a one-way gate leading to the halls of Pandemonium.
 23602 | Depths:2 | Noticed a sphinx
 23614 | Depths:2 | Killed a sphinx
 23686 | Depths:2 | Noticed a hellephant
 23686 | Depths:2 | Noticed a hellephant
 23706 | Depths:2 | HP: 1/106 [hell hog/fireball (21)]
 23709 | Depths:2 | Killed from afar by a hell hog

Illustrated notes

Levels and vault maps discovered:
D:1:      lemuel_arrival_rhombus, layout_loops_corners
D:2:      layout_basic, hellmonk_ecumenical_altar_watching_god, uniq_sigmund
D:3:      layout_basic
D:4:      layout_loops_corners, mainiacjoe_overflow_divided_tiny,
          nicolae_shop_firing_range
D:5:      layout_rooms, nicolae_ossuary_entry_catacombs,
          hellmonk_ghost_happy_afterlife, minmay_misc_feat_more_columns
D:6:      layout_basic, minmay_temple_entry_waves,
          chequers_serial_rivers_room_b, uniq_blork_the_orc
D:7:      layout_gridville, enter_bailey_6
D:8:      minmay_inner_zag, layout_basic, kennysheep_another_room,
          chequers_serial_rivers_micro_e, uniq_joseph, uniq_grum
D:9:      layout_gridville
D:10:     layout_basic, makhleb_altar_promises_db, orc_david_3
D:11:     layout_stronghold, dpeg_oklobed_lair
D:12:     layout_irregular_city, nzn_ghost_randoct
D:13:     layout_basic
D:14:     layout_loops_cross, david_vaults_3, hangedman_abyss_or_decor_slice,
          minmay_misc_feat_rugged
D:15:     gammafunk_enter_depths_forms, layout_cave_pools, nicolae_sextant
Temple:   hellmonk_temple_of_storms
Lair:1:   minmay_guarded_unrand_snakebite, layout_regular_city, basic_altar,
          grunt_megastairs_2, infiniplex_staircase_pool_2
Lair:2:   layout_gridlike, minmay_shoals_entry_lonely_mermaid,
          dummy_spider_entry, minivault_19, grunt_forest_small_clearing_treed
Lair:3:   layout_chaotic_city
Lair:4:   cheibrodos_lair_overgrown_chateau, layout_layer_cave,
          nicolae_slime_entry_field_trip
Lair:5:   wormcave, layout_gridlike, hangedman_lair_tendril_chambers,
          maelrawn_ghost_gauntlet_escape, chequers_serial_rivers_micro_b,
          serial_bayou_shore_b
Orc:1:    hellmonk_paralyzer, layout_caves, uniq_josephine, uniq_snorg,
          uniq_fannar
Orc:2:    st_orc_town, layout_diamond_mine, serial_shops,
          nicolae_shop_tiny_real_fake_doors
Depths:1: layout_cave_pools, serial_shops, nicolae_shop_rolling_square,
          grunt_hell_entry_dis_grunt, hangedman_blasphemy
Depths:2: minmay_tearing_corner, layout_cave_pools, grunt_hell_horde,
          grunt_pan_entry_spiral, abyss_entry, serial_shops, nicolae_shop_trees,
          doesnt_xom_only_xom

Skill      XL: |  1  2  3  4  5  6  7  8  9 10 11 12 13 14 15 16 17 |
---------------+----------------------------------------------------+-----
Long Blades    | 2 3 4 5 6 7 8 9 10 11 12 13 | 13.9
Armour         | 4 5 7 8 9 10 11 12 13 14 15 16 | 16.3
Shields        | 4 5 6 8 9 10 11 12 13 14 15 16 | 16.4
Fighting       | 4 5 6 7 8 9 10 11 12 | 12.1
Dodging        | 1 2 3 4 5 6 7 8 9 |  9.0
Invocations    | 2 4 5 6 7 8 9 10 | 10.4
Evocations     | 2 3 4 5 6 7 8 |  8.6

Action                     |  1- 3 |  4- 6 |  7- 9 | 10-12 | 13-15 | 16-18 || total
---------------------------+-------+-------+-------+-------+-------+-------++-------
  Melee: Long sword        |    98 |   216 |   203 |       |       |       ||   517
         Scimitar          |       |       |    92 |   615 |  1374 |  1079 ||  3160
 Invoke: Heroism           |       |       |       |     8 |     8 |    13 ||    29
         Finesse           |       |       |       |       |     3 |     3 ||     6
  Evoke: Wand              |       |       |       |       |     3 |     3 ||     6
    Use: Scroll            |     2 |     5 |     8 |     9 |     7 |     3 ||    34
         Potion            |       |     1 |       |     2 |     7 |     4 ||    14
 Armour: Scale mail        |    46 |   116 |   116 |     7 |       |       ||   285
         Plate armour      |       |       |       |   304 |   613 |   488 ||  1405
         Chain mail        |       |       |       |    26 |       |       ||    26
  Dodge: Dodged            |    47 |    88 |   116 |   319 |   963 |   497 ||  2030
  Block: Buckler           |    20 |    37 |    60 |   268 |   738 |   132 ||  1255
         Kite shield       |       |       |       |       |       |   631 ||   631

Table legend: (Time is in decaauts)
 A = Elapsed time spent in this place.
 B = Non-inter-level travel time spent in this place.
 C = Inter-level travel time spent in this place.
 D = Time resting spent in this place.
 E = Time spent auto-exploring this place.
 F = Levels seen in this place.
 G = Mean time per level.
                   A        B        C        D        E       F      G
               +--------+--------+--------+--------+--------+-----+--------+
         Total |  23417 |  22090 |   1327 |    806 |  13017 |  28 |  836.3 |
       Dungeon |  13797 |  12830 |    967 |    415 |   8353 |  15 |  919.8 |
        Temple |     21 |     12 |      9 |      0 |      0 |   1 |   21.0 |
          Lair |   5512 |   5216 |    296 |      0 |   3276 |   5 | 1102.4 |
  Orcish Mines |   1550 |   1495 |     55 |      0 |    716 |   2 |  775.0 |
        Depths |   1895 |   1895 |      0 |    315 |    642 |   2 |  947.5 |
         Abyss |     25 |     25 |      0 |      0 |      0 |   1 |   25.0 |
       Ossuary |    229 |    229 |      0 |      0 |     29 |   1 |  229.0 |
        Bailey |    385 |    385 |      0 |     76 |      0 |   1 |  385.0 |
               +--------+--------+--------+--------+--------+-----+--------+

Top non-repeatable levels by time:
  Lair:5: 1531 daAuts
  Lair:4: 1331 daAuts
Depths:1: 1266 daAuts
     D:1: 1119 daAuts
     D:3: 1108 daAuts
    D:11: 1085 daAuts
    D:15: 1084 daAuts
    D:12: 1067 daAuts
     D:4: 1039 daAuts
     D:7: 978 daAuts
    D:10: 963 daAuts
     D:9: 925 daAuts
  Lair:1: 919 daAuts
   Orc:2: 919 daAuts
  Lair:3: 893 daAuts
